 Dungeon Crawl Stone Soup version 0.29.1-15-g9cfb28693d (webtiles) character file.

Game seed: 18250341396315724739

1101 LustLizard the Cutter (level 8, -6/61 HPs)
             Began as a Merfolk Gladiator on Mar 26, 2023.
             Killed by divine providence
             ... invoked by an orc priest
              (14 damage)
             ... on level 5 of the Dungeon.
             The game lasted 00:11:18 (6007 turns).

LustLizard the Cutter (Merfolk Gladiator)           Turns: 6007, Time: 00:11:18

Health: -6/61      AC:  8    Str: 14    XL:     8   Next: 32%
Magic:  8/8        EV: 14    Int:  7    God:
Gold:   128        SH:  6    Dex: 18    Spells: 7/7 levels left

rFire   . . .      SeeInvis .   a - +0 rapier
rCold   . . .      Faith    .   m - +2 buckler
rNeg    . . .      Spirit   .   u - +1 leather armour {rPois}
rPois   +          Reflect  .   c - +0 helmet
rElec   .          Harm     .   (no cloak)
rCorr   .          Rampage  .   (no gloves)
Will    .....                   s - +2 pair of boots
Stlth   +++.......              (no amulet)
HPRegen 0.20/turn               (no ring)
MPRegen 0.11/turn               (no ring)

@: no status effects
A: (nimble swimmer 2), mertail
a: no special abilities


You were on level 5 of the Dungeon.
You visited 1 branch of the dungeon, and saw 5 of its levels.
You also visited: Sewer.

You collected 128 gold pieces.

Inventory:

Hand Weapons
 a - a +0 rapier (weapon)
Missiles
 d - 3 throwing nets (quivered)
 e - 7 javelins
 p - 5 silver javelins
 w - 23 poisoned darts
Armour
 b - a +0 leather armour
 c - a +0 helmet (worn)
 m - a +2 buckler (worn)
 s - a +2 pair of boots (worn)
 u - a +1 leather armour of poison resistance (worn)
Jewellery
 t - a ring of wizardry
 C - a ring of willpower
Scrolls
 f - 3 scrolls of identify
 h - 3 scrolls of teleportation {unknown}
 j - 2 scrolls of fog {unknown}
 o - a scroll of summoning {unknown}
 r - 2 scrolls of brand weapon {unknown}
 x - a scroll of blinking {unknown}
 y - a scroll of enchant armour {unknown}
 A - a scroll of enchant weapon {unknown}
 D - a scroll of amnesia {unknown}
 E - a scroll of magic mapping {unknown}
Potions
 g - 3 potions of haste
 i - 2 potions of flight
 k - 2 potions of cancellation
 l - 2 potions of curing
 n - 3 potions of berserk rage
 q - a potion of heal wounds
 v - a potion of invisibility {unknown}
 z - a potion of attraction {unknown}
 B - a potion of magic {unknown}
 F - a potion of brilliance


   Skills:
 + Level 4.6 Fighting
 * Level 7.5 Short Blades
 - Level 2.0 Throwing
 + Level 6.3 Dodging
 * Level 6.5 Stealth


You had 7 spell levels left.
You didn't know any spells.
Your spell library contained the following spells:

 Spells                   Type           Power      Damage    Failure   Level
 Sting                    Tmut/Pois      0%         1d3       63%         1
 Poisonous Vapours        Pois/Air       0%         N/A       77%         2
 Stone Arrow              Conj/Erth      0%         3d7       94%         3
 Animate Armour           Summ/Erth      0%         N/A       100%        4
 Olgreb's Toxic Radiance  Pois           0%         N/A       100%        4
 Lehudib's Crystal Spear  Conj/Erth      0%         10d2      100%        8


Dungeon Overview and Level Annotations

Branches:
Dungeon (5/15)              Sewer (visited)
 Temple: D:4-7

Altars:
Hepliaklqana
Nemelex Xobeh


Innate Abilities, Weirdness & Mutations

((You are very nimble when in or above water. (Stealth+, EV+, Speed+++)))
Your lower body shifts to a powerful aquatic tail in water.


Message History

The ogre hits you with a +0 giant spiked club!
You hit the ogre but do no damage.
The ogre is moderately wounded.
You block the orc wizard's attack. The ogre closely misses you.
You barely miss the ogre.
The ogre is moderately wounded.
You hit the ogre.
The ogre is heavily wounded.
The orc wizard hits you but does no damage.
The ogre barely misses you.
You hit the ogre.
The ogre is heavily wounded.
You hit the ogre.
The ogre is severely wounded.
The orc wizard mumbles some strange words.
The orc wizard flickers and vanishes!
Deactivating autopickup; reactivate with Ctrl-A.
The orc priest calls down the wrath of Beogh upon you.
You struggle to resist.
The ogre barely misses you.
You hit the ogre.
The ogre is almost dead.
Something hits you but does no damage.
The orc priest mumbles some strange prayers to Beogh against you.
Beogh smites you!
You barely miss the ogre.
The ogre is almost dead.
The ogre closely misses you. You block something's attack.
You barely miss the ogre.
The ogre is almost dead.
Throw: 4 throwing nets
Press: ? - help, Q - select action, (/) - cycle Shift-Dir - straight line, f - orc priest
Aim: an orc priest, wielding a +0 mace and wearing a +0 chain mail (71% to hit)
You throw a throwing net.
The throwing net barely misses the orc priest.
Something hits you.
The ogre hits you with a +0 giant spiked club!!
* * * LOW HITPOINT WARNING * * *
The orc priest calls down the wrath of Beogh upon you.
Beogh smites you!
You die...

#.####.....##.........
.##..#......##.........
.#.#.#..........#.......
#.####..........#....#..
##.##......####.(.......
...###.....####.......#
.....#...............#
....###..#......o....##.
.##......######{@O......
.........# #.#....#..
......#### ###.#.....
#..#### ## ...# #.## .##
### #


You could see an ogre and an orc priest.

Vanquished Creatures
  2 ogres
  A phantom (D:4)
  4 kobold brigands (Sewer)
  A jelly (D:4)
  2 hounds (D:4)
  An iguana (D:4)
  Natasha (thrice) (D:3)
  2 orc wizards (D:4)
  Robin (D:2)
  8 gnolls
  9 adders
  2 river rats
  4 worms
  3 dart slugs
  9 orcs (D:4)
  8 endoplasms
  6 giant cockroaches
  8 hobgoblins
  6 jackals
  4 quokkas
  10 ball pythons
  6 bats
  4 frilled lizards
  14 goblins
  17 kobolds
  14 rats
  A spectral kobold (D:3)
150 creatures vanquished.

Notes
Turn   | Place    | Note
-------+----------+-------------------------------------------
     0 | D:1      | LustLizard the Merfolk Gladiator began the quest for the
                  | Orb.
     0 | D:1      | Reached XP level 1. HP: 16/16 MP: 1/1
    53 | D:1      | Reached skill level 1 in Stealth
    53 | D:1      | Reached XP level 2. HP: 18/22 MP: 2/2
   121 | D:1      | Reached skill level 4 in Short Blades
   637 | D:1      | Reached XP level 3. HP: 24/28 MP: 3/3
  1581 | D:2      | Noticed Robin
  1619 | D:2      | Reached XP level 4. HP: 34/34 MP: 4/4
  2273 | D:2      | Killed Robin
  2504 | D:3      | Noticed Natasha
  2706 | D:3      | Reached XP level 5. HP: 40/40 MP: 5/5
  2709 | D:3      | Reached skill level 5 in Short Blades
  3115 | D:3      | Found a glowing drain.
  3119 | Sewer    | Entered a sewer
  3151 | Sewer    | Noticed a kobold brigand
  3151 | Sewer    | Noticed a kobold brigand
  3159 | Sewer    | Killed a kobold brigand
  3160 | Sewer    | Reached skill level 5 in Dodging
  3160 | Sewer    | Reached XP level 6. HP: 47/47 MP: 6/6
  3319 | Sewer    | Reached skill level 6 in Short Blades
  3436 | Sewer    | Reached XP level 7. HP: 37/53 MP: 7/7
  3842 | D:3      | Killed Natasha
  3843 | D:3      | Reached skill level 5 in Stealth
  3894 | D:3      | Noticed Natasha
  3895 | D:3      | Found a faded altar of an unknown god.
  3903 | D:3      | Killed Natasha
  4074 | D:3      | Noticed Natasha
  4089 | D:3      | Killed Natasha
  4686 | D:4      | Found a sparkling altar of Nemelex Xobeh.
  4761 | D:4      | Reached skill level 7 in Short Blades
  4930 | D:4      | Reached XP level 8. HP: 33/61 MP: 8/8
  5684 | D:5      | Entered Level 5 of the Dungeon
  5919 | D:5      | Found a hazy altar of Hepliaklqana.
  6007 | D:5      | Killed from afar by an orc priest

Illustrated notes

Levels and vault maps discovered:
D:1:      giann_horns, layout_basic
D:2:      layout_loops_corners, uniq_robin
D:3:      layout_basic, dreamdust_ecumenical_altar_drowned_temple,
          gup_sewer_entry_spiral, uniq_natasha
D:4:      layout_loops_ring, nemelex_diamond_rough_becter
D:5:      layout_cave_pools, marbit_many_paths, mainiacjoe_overflow_24_doors

Skill      XL: |  1  2  3  4  5  6  7 |
---------------+----------------------+-----
Stealth        | 1 2 3 4 6 |  6.5
Short Blades   | 4 5 6 7 |  7.5
Fighting       | 3 4 |  4.6
Dodging        | 5 6 |  6.3
Throwing       | |  2.0

Action                   |  1- 3 |  4- 6 |  7- 9 || total
-------------------------+-------+-------+-------++-------
Melee: Rapier            |   114 |   205 |   238 ||   557
       Punch             |     2 |     1 |       ||     3
       Tailslap          |       |     8 |     3 ||    11
Throw: Throwing net      |       |     1 |     1 ||     2
  Use: Potion            |       |     1 |       ||     1
       Scroll            |       |       |     5 ||     5
 Stab: Sleeping          |     3 |    10 |     7 ||    20
       Distracted        |     1 |       |     1 ||     2
       Held in net/web   |       |     1 |       ||     1
Armor: Leather armour    |    24 |    32 |    37 ||    93
Dodge: Dodged            |    83 |   129 |   125 ||   337
Block: Buckler           |       |    40 |    54 ||    94
